[Event "Titled Tuesday Blitz May 9 Late 2023"]
[White "Bruedigam, Martin"]
[Black "Souza, Adwilhans Luciano"]
[WhiteFideId "24608033"]
[BlackFideId "2101793"]
[WhiteElo "2331"]
[BlackElo "2288"]
[Result "1-0"]
[Round "06"]
[TimeControl "180+2"]
[Date "2023.05.09"]
[WhiteClock "0:00:17"]
[BlackClock "0:00:01"]

1. d4 Nf6 2. c4 e6 3. Nc3 Bb4 4. Bd2 O-O 5. Nf3 d6 6. e3 Nc6 7. Qc2 e5 8. Be2 exd4 9. exd4 Re8 10. O-O Bg4 11. Be3 d5 12. c5 Bxc3 13. bxc3 b6 14. Bb5 Bd7 15. cxb6 axb6 16. Bg5 h6 17. Bh4 Nb4 18. cxb4 Bxb5 19. Rfe1 Rxe1+ 20. Rxe1 Bc4 21. Ne5 Rxa2 22. Qf5 g5 23. Bxg5 hxg5 24. Qxg5+ Kf8 25. Ng4 Re2 26. Qh6+ Kg8 27. Qg5+ Kf8 28. Rxe2 Bxe2 29. Nxf6 Bc4 30. h4 c5 31. bxc5 bxc5 32. h5 Bd3 33. dxc5 Qa5 34. Qg8+ Ke7 35. Nxd5+ Ke6 36. Nf4+ Kf5 37. Nxd3 Qa1+ 38. Kh2 1-0


[Site "https://www.chess.com"]

[Event "Titled Tuesday Blitz May 9 Late 2023"]
[White "Atanasov, Anthony"]
[Black "Martinez, Shawn"]
[WhiteFideId "2623897"]
[BlackFideId "2039770"]
[WhiteElo "2326"]
[BlackElo "2174"]
[Result "1-0"]
[Round "06"]
[TimeControl "180+2"]
[Date "2023.05.09"]
[WhiteClock "0:00:42"]
[BlackClock "0:00:02"]

1. d4 Nf6 2. Nf3 g6 3. c4 Bg7 4. e3 O-O 5. Be2 d6 6. O-O Nc6 7. Nc3 a6 8. a3 Nd7 9. b4 e5 10. Bb2 f5 11. d5 Ne7 12. Ng5 Nf6 13. Ne6 Bxe6 14. dxe6 c6 15. f4 Nc8 16. c5 dxc5 17. bxc5 Nd5 18. Nxd5 cxd5 19. fxe5 Ne7 20. Qb3 Qc7 21. Bf3 Bxe5 22. Bxe5 Qxe5 23. Qxb7 Qxe3+ 24. Kh1 Qxc5 25. Rac1 Qd6 26. Rfe1 Rac8 27. Qd7 Qxa3 28. Rxc8 Rxc8 29. Bxd5 Rc1 30. Qe8+ Kg7 31. Qf7+ Kh6 32. Qf8+ Kg5 33. h4+ Kg4 34. Bf3+ Kg3 35. Bd1 Qd6 36. Qh6 Qf4 37. Re3+ Qxe3 38. Qxe3+ Kxh4 39. Qf4# 1-0


[Site "https://www.chess.com"]

[Event "Titled Tuesday Blitz May 9 Late 2023"]
[White "Demchenko, Anton"]
[Black "Ng, Gary"]
[WhiteFideId "4160258"]
[BlackFideId "2604914"]
[WhiteElo "2545"]
[BlackElo "2343"]
[Result "1-0"]
[Round "06"]
[TimeControl "180+2"]
[Date "2023.05.09"]
[WhiteClock "0:02:01"]
[BlackClock "0:01:50"]

1. e4 c5 2. Nf3 Nc6 3. Bb5 Nd4 4. Nxd4 cxd4 5. O-O Qb6 6. Bc4 d6 7. d3 g6 8. c3 Bg7 9. cxd4 Bxd4 10. Nc3 e6 11. Nb5 Bc5 12. d4 Bb4 13. a3 d5 14. exd5 exd5 15. Bf4 dxc4 16. Nc7+ Kf8 17. axb4 Rb8 18. Re1 Nf6 19. Bh6+ Kg8 20. Nd5 1-0


[Site "https://www.chess.com"]

[Event "Titled Tuesday Blitz May 9 Late 2023"]
[White "Seletsky, Grigory"]
[Black "Aydincelebi, Kagan"]
[WhiteFideId "14112191"]
[BlackFideId "6361102"]
[WhiteElo "2491"]
[BlackElo "2180"]
[Result "0-1"]
[Round "06"]
[TimeControl "180+2"]
[Date "2023.05.09"]
[WhiteClock "0:01:11"]
[BlackClock "0:02:13"]

1. e4 c5 2. Nf3 Nc6 3. Bb5 g6 4. O-O Bg7 5. Bxc6 dxc6 6. d3 Bg4 7. h3 Bxf3 8. Qxf3 Nf6 9. Nc3 O-O 10. Be3 Nd7 11. Qe2 e5 12. f4 exf4 13. Rxf4 Qe7 14. Raf1 Rae8 15. R4f3 b6 16. Qd2 Ne5 17. R3f2 Rd8 18. Bg5 f6 19. Bf4 Qe6 20. Qc1 c4 21. dxc4 Nxc4 22. Bh6 Bxh6 23. Qxh6 Nxb2 24. h4 Nc4 25. h5 Ne5 26. hxg6 hxg6 27. Ne2 Rd7 28. Qxf8+ Kxf8 29. Rxf6+ Qxf6 30. Rxf6+ Ke7 31. Rf2 Rd1+ 32. Kh2 Ng4+ 0-1


[Site "https://www.chess.com"]

[Event "Titled Tuesday Blitz May 9 Late 2023"]
[White "Prydun, Andriy"]
[Black "Gritsenko, Nikolai"]
[WhiteFideId "14145898"]
[BlackFideId "14112493"]
[WhiteElo "2164"]
[BlackElo "2389"]
[Result "0-1"]
[Round "06"]
[TimeControl "180+2"]
[Date "2023.05.09"]
[WhiteClock "0:00:52"]
[BlackClock "0:01:07"]

1. e4 d5 2. exd5 Nf6 3. d4 Bg4 4. f3 Bf5 5. c4 e6 6. g4 Bg6 7. h4 Bxb1 8. Rxb1 exd5 9. Qb3 dxc4 10. Bxc4 Bd6 11. Bxf7+ Kf8 12. Ne2 Nc6 13. Qxb7 Nb4 14. Bf4 Kxf7 15. Be5 Qe7 16. O-O Rhb8 17. Bxf6 Qxe2 18. Qe4 Qh2# 0-1


[Site "https://www.chess.com"]

[Event "Titled Tuesday Blitz May 9 Late 2023"]
[White "Sowa, Ryan"]
[Black "Mikhalsky, Vladimir"]
[WhiteFideId "30901693"]
[BlackFideId "14144352"]
[WhiteElo "2646"]
[BlackElo "2236"]
[Result "1/2-1/2"]
[Round "06"]
[TimeControl "180+2"]
[Date "2023.05.09"]
[WhiteClock "0:00:18"]
[BlackClock "0:00:25"]

1. Nf3 c5 2. b3 Nc6 3. e4 e5 4. Bb2 d6 5. Bb5 Bd7 6. O-O a6 7. Bxc6 Bxc6 8. c3 Nf6 9. d4 Bxe4 10. Re1 Bxf3 11. Qxf3 e4 12. c4 Be7 13. Qg3 O-O 14. d5 g6 15. Nd2 b5 16. Nxe4 Nxe4 17. Rxe4 Bf6 18. Bxf6 Qxf6 19. Rae1 bxc4 20. bxc4 Rab8 21. h4 h5 22. Rf4 Qd8 23. Rfe4 Rb7 24. f4 Qf6 25. f5 Rb2 26. fxg6 Qxg6 27. Qxg6+ fxg6 28. Re6 Kg7 29. Re7+ Rf7 30. R1e6 Rxa2 31. Rxf7+ Kxf7 32. Rxd6 Ra4 33. Rc6 Rxc4 34. Rxa6 Rxh4 35. Rc6 c4 36. d6 Rd4 37. d7 Rxd7 38. Rxc4 Rd3 39. Rc5 Kf6 40. Kh2 h4 41. Ra5 g5 42. Ra6+ Kf5 43. Ra5+ Kg4 44. Ra4+ Kh5 45. Ra5 Rd4 46. Rb5 Kg4 47. Ra5 Kf4 48. Ra8 Rd5 49. Rf8+ Rf5 50. Ra8 g4 51. Rb8 Rd5 52. Rf8+ Ke3 53. Re8+ Kf2 54. Rf8+ Ke3 55. Re8+ Kf4 56. Rf8+ Rf5 57. Ra8 Re5 58. Rf8+ Kg5 59. Rg8+ Kh5 60. Rh8+ Kg5 61. Rg8+ Kf4 62. Rf8+ Ke4 63. Rh8 g3+ 64. Kh3 Ke3 65. Rxh4 Kf2 66. Rf4+ Kg1 67. Kxg3 Rg5+ 1/2-1/2


[Site "https://www.chess.com"]

[Event "Titled Tuesday Blitz May 9 Late 2023"]
[White "merinasian"]
[Black "Kim, Sergey"]
[BlackFideId "13700570"]
[WhiteElo "2434"]
[BlackElo "2612"]
[Result "0-1"]
[Round "06"]
[TimeControl "180+2"]
[Date "2023.05.09"]
[WhiteClock "0:00:36"]
[BlackClock "0:01:19"]

1. d4 Nf6 2. Nf3 g6 3. g3 Bg7 4. Bg2 d6 5. O-O O-O 6. b3 e5 7. dxe5 Nfd7 8. Bb2 dxe5 9. e4 Nc6 10. Nbd2 Nc5 11. Ba3 Qe7 12. Nc4 a5 13. Qd5 Nb4 14. Qd1 Nxe4 15. Qe1 Nd6 16. Bxb4 axb4 17. Qxb4 e4 18. Nfd2 Bxa1 19. Rxa1 f5 20. Nf1 Rf7 21. Nfe3 Nxc4 22. Qxc4 Be6 23. Qc3 Qf6 24. Qxf6 Rxf6 25. Rd1 Rxa2 26. Bf1 Rf8 27. Bc4 Bxc4 28. bxc4 c6 29. Rd7 Rf7 30. Rd8+ Kg7 31. h4 Kf6 32. g4 f4 33. g5+ Ke7 0-1


[Site "https://www.chess.com"]

[Event "Titled Tuesday Blitz May 9 Late 2023"]
[White "Ibadov, Dashgyn"]
[Black "Vega Gutierrez, Sabrina"]
[WhiteFideId "24107514"]
[BlackFideId "2219026"]
[WhiteElo "2208"]
[BlackElo "2209"]
[Result "0-1"]
[Round "06"]
[TimeControl "180+2"]
[Date "2023.05.09"]
[WhiteClock "0:00:02"]
[BlackClock "0:00:06"]

1. e4 c5 2. Nf3 e6 3. d4 cxd4 4. Nxd4 Nf6 5. Nc3 d6 6. g4 h6 7. h4 Nc6 8. Rg1 d5 9. Nxc6 bxc6 10. g5 hxg5 11. hxg5 Nxe4 12. Nxe4 dxe4 13. Qxd8+ Kxd8 14. Be3 Bd6 15. Rg4 e5 16. Rxe4 Kc7 17. O-O-O Be6 18. Ra4 Bd5 19. Rxa7+ Rxa7 20. Bxa7 Ra8 21. Be3 Rxa2 22. Kb1 Ra8 23. c4 Bf3 24. Rd2 Bb4 25. Rc2 Be4 26. f3 Bxc2+ 27. Kxc2 Rh8 28. Bd3 Rh2+ 29. Kb3 Be7 30. c5 Rg2 31. g6 Rg3 32. Be4 f5 33. Bf2 Rg2 34. Bh4 Bxh4 35. Bxf5 Rf2 36. Be4 Bg5 37. Kc3 Bf6 38. b4 Rh2 39. Kc4 Bg5 40. b5 cxb5+ 41. Kxb5 Rb2+ 42. Kc4 Be3 43. Kd5 Rb5 44. Ke6 Rxc5 45. Kf7 Bh6 46. Ke6 Kd8 47. Kd6 Ra5 48. Ke6 Kc7 49. Ke7 Kb6 50. Kd6 Ra3 51. Kxe5 Kc5 52. Ke6 Re3 53. Kf5 Kd4 54. Bc6 Rc3 55. Be4 Ke3 56. Ke6 Rc5 57. Bb7 Rb5 58. Bc6 Rb6 59. Kd7 Rxc6 60. Kxc6 Kxf3 61. Kd6 Kf4 62. Ke6 Kg5 63. Kf7 Kf5 64. Kg8 Kxg6 65. Kh8 Kf6 66. Kh7 Bd2 67. Kh8 g5 0-1


[Site "https://www.chess.com"]

[Event "Titled Tuesday Blitz May 9 Late 2023"]
[White "Vlassov, Nikolai"]
[Black "Urbina Perez, Juan Antonio"]
[WhiteFideId "4103360"]
[BlackFideId "2217368"]
[WhiteElo "2324"]
[BlackElo "2197"]
[Result "1-0"]
[Round "06"]
[TimeControl "180+2"]
[Date "2023.05.09"]
[WhiteClock "0:01:41"]
[BlackClock "0:00:55"]

1. e4 e5 2. Bc4 Nf6 3. d3 Nc6 4. Nf3 d6 5. Ng5 d5 6. exd5 Na5 7. Nc3 h6 8. Nge4 Nxe4 9. Nxe4 Be7 10. O-O O-O 11. f4 Nxc4 12. dxc4 exf4 13. Bxf4 f5 14. Ng3 g5 15. Be5 f4 16. Qh5 Kh7 17. Ne4 Qe8 18. Qxe8 Rxe8 19. Rae1 Bf5 20. g3 Bb4 21. Nf6+ Kg6 22. Nxe8 Bxe1 23. Nxc7 1-0


[Site "https://www.chess.com"]

[Event "Titled Tuesday Blitz May 9 Late 2023"]
[White "Martinez Reyes, Pedro Ramon"]
[Black "Villuendas Valero, Adrian"]
[WhiteFideId "3901807"]
[BlackFideId "2262460"]
[WhiteElo "2340"]
[BlackElo "2328"]
[Result "1-0"]
[Round "06"]
[TimeControl "180+2"]
[Date "2023.05.09"]
[WhiteClock "0:00:50"]
[BlackClock "0:00:05"]

1. d4 e6 2. c4 Bb4+ 3. Nd2 Nf6 4. Nf3 d6 5. e3 O-O 6. Be2 Nc6 7. O-O Bxd2 8. Nxd2 e5 9. d5 Ne7 10. b3 a5 11. Bb2 Ng6 12. Qc2 Nd7 13. f4 f5 14. Bd3 e4 15. Be2 Nc5 16. a3 Bd7 17. b4 Na4 18. Bd4 c5 19. dxc6 bxc6 20. Nb3 axb4 21. axb4 Qe7 22. Ra2 c5 23. bxc5 dxc5 24. Ba1 Rfb8 25. Rd1 Be8 26. Rd5 Bd7 27. Rd2 Nf8 28. h3 Rb4 29. Kh2 Rab8 30. Ra3 Be6 31. Qa2 Nb6 32. Ra7 Rb7 33. Rxb7 Qxb7 34. Nxc5 Qc6 35. Nxe6 Nxe6 36. c5 Nc8 37. Rd6 Nxd6 38. Qxe6+ Kh8 39. cxd6 1-0


[Site "https://www.chess.com"]

[Event "Titled Tuesday Blitz May 9 Late 2023"]
[White "Avalos Parra, Joao"]
[Black "Spitzl, Vinzent"]
[WhiteFideId "3402541"]
[BlackFideId "12901253"]
[WhiteElo "2173"]
[BlackElo "2225"]
[Result "0-1"]
[Round "06"]
[TimeControl "180+2"]
[Date "2023.05.09"]
[WhiteClock "0:00:32"]
[BlackClock "0:00:42"]

1. d4 d5 2. c4 e6 3. Nf3 Nf6 4. Nc3 Bb4 5. Qa4+ Nc6 6. a3 Bxc3+ 7. bxc3 O-O 8. e3 Re8 9. cxd5 exd5 10. Be2 Bf5 11. O-O Ne4 12. Bb2 Bd7 13. Qc2 Na5 14. c4 Nxc4 15. Bxc4 dxc4 16. Qxc4 Be6 17. Qc2 Bd5 18. Rac1 c6 19. Ne5 Qg5 20. f4 Qe7 21. Rce1 f6 22. Nd3 Rac8 23. Nc5 b6 24. Nxe4 Bxe4 25. Qb3+ Bd5 26. Qa4 f5 27. Qb4 Qe4 28. Qd2 Re6 29. Rf2 Rce8 30. Bc1 Rg6 31. Ree2 h5 32. Qc2 Qe6 33. h3 h4 34. Kh2 Rg3 35. a4 Qg6 36. a5 Rxh3+ 37. Kg1 Qg3 38. Rd2 Rxe3 39. Qxf5 Re1+ 40. Rf1 Rh1+ 41. Kxh1 Rxf1# 0-1


[Site "https://www.chess.com"]

[Event "Titled Tuesday Blitz May 9 Late 2023"]
[White "Ozates, Tuna"]
[Black "Colpe, Malte"]
[WhiteFideId "6354521"]
[BlackFideId "24623075"]
[WhiteElo "2151"]
[BlackElo "2289"]
[Result "1-0"]
[Round "06"]
[TimeControl "180+2"]
[Date "2023.05.09"]
[WhiteClock "0:00:12"]
[BlackClock "0:00:00"]

1. e4 c5 2. Nf3 a6 3. c3 d5 4. exd5 Qxd5 5. d4 e6 6. Be2 Nf6 7. O-O Be7 8. Be3 cxd4 9. cxd4 O-O 10. Nc3 Qd6 11. Ne5 Nc6 12. Nxc6 Qxc6 13. Bf3 Qd7 14. d5 e5 15. Bg5 Ne8 16. Bxe7 Qxe7 17. Re1 Nd6 18. Qa4 f6 19. Rad1 Bd7 20. Qa3 Rfe8 21. Bh5 g6 22. Bf3 Rac8 23. Qb4 Rc4 24. Qb6 Rec8 25. Qe3 b5 26. Ne4 Nf5 27. Qa7 Kf7 28. d6 Qd8 29. Qxa6 Nd4 30. Nc3 Nxf3+ 31. gxf3 R8c6 32. Qxb5 R6c5 33. Qb3 Kg7 34. Ne4 Rc6 35. Qe3 Rc2 36. Rd2 Rc1 37. Rdd1 R1c2 38. Re2 R2c4 39. b3 Rc2 40. a4 f5 41. Ng3 Qf6 42. Rxc2 Rxc2 43. a5 f4 44. Qa7 fxg3 45. Qxd7+ Kh8 46. Qe8+ Kg7 47. hxg3 Qxf3 48. Qxe5+ Kh6 49. Qf4+ Qxf4 50. gxf4 Rc8 51. d7 Rd8 52. a6 1-0


[Site "https://www.chess.com"]

[Event "Titled Tuesday Blitz May 9 Late 2023"]
[White "Santos Flores, Alberto"]
[Black "Ward, Ieuan C"]
[WhiteFideId "3601234"]
[BlackFideId "406627"]
[WhiteElo "2235"]
[BlackElo "2320"]
[Result "1-0"]
[Round "06"]
[TimeControl "180+2"]
[Date "2023.05.09"]
[WhiteClock "0:01:30"]
[BlackClock "0:02:03"]

1. d4 Nf6 2. Bf4 d5 3. e3 e6 4. Nd2 Bd6 5. Bg3 O-O 6. Ngf3 c5 7. c3 Nc6 8. Bd3 Re8 9. Ne5 Qc7 10. Ndf3 Ne4 11. Nxc6 bxc6 12. Bxe4 dxe4 13. Ng5 f5 14. Qh5 1-0


[Site "https://www.chess.com"]

[Event "Titled Tuesday Blitz May 9 Late 2023"]
[White "Howell, David W L"]
[Black "Qiao, Cindy"]
[WhiteFideId "410608"]
[BlackFideId "2620243"]
[WhiteElo "2567"]
[BlackElo "1777"]
[Result "1-0"]
[Round "06"]
[TimeControl "180+2"]
[Date "2023.05.09"]
[WhiteClock "0:00:06"]
[BlackClock "0:00:03"]

1. e4 d5 2. exd5 Qxd5 3. Nc3 Qd6 4. g3 g6 5. Bg2 Bg7 6. Nge2 c6 7. O-O Nf6 8. Rb1 O-O 9. b4 e5 10. a4 Nbd7 11. b5 c5 12. d3 Rb8 13. a5 b6 14. a6 Rd8 15. Bg5 h6 16. Ne4 Qe7 17. Nxf6+ Nxf6 18. Bxf6 Qxf6 19. Nc3 Be6 20. Qe2 Qe7 21. Bc6 Rd4 22. Ne4 Bf5 23. c3 Rdd8 24. Rbd1 Bxe4 25. dxe4 Rxd1 26. Rxd1 Rd8 27. Bd5 Kh7 28. Qf3 Bf6 29. Kg2 Kg7 30. Qe2 h5 31. h4 Rd6 32. Kf1 Qd8 33. Ke1 Qe7 34. Kd2 Qd7 35. Kc2 Qe7 36. Kb3 Qd7 37. Kc4 Qe7 38. Rd3 Qd8 39. Qf3 Qe7 40. Qg2 Qd7 41. Qf1 Qg4 42. Qd1 Qd7 43. Qe2 Qd8 44. f4 Qd7 45. f5 Qe7 46. Qf3 Qd8 47. Rd2 Qe7 48. Rf2 Qd8 49. Rf1 Qe7 50. g4 hxg4 51. Qxg4 Bxh4 52. Rh1 g5 53. Rxh4 Qf6 54. Rh3 Kf8 55. Rh7 Ke7 56. Rxf7+ Qxf7 57. Bxf7 Kxf7 58. Qh5+ 1-0


[Site "https://www.chess.com"]

[Event "Titled Tuesday Blitz May 9 Late 2023"]
[White "Bolourchifard, Farzad"]
[Black "ElenGajger"]
[WhiteFideId "12510084"]
[WhiteElo "2317"]
[BlackElo "2407"]
[Result "1-0"]
[Round "06"]
[TimeControl "180+2"]
[Date "2023.05.09"]
[WhiteClock "0:00:54"]
[BlackClock "0:01:20"]

1. d4 Nf6 2. Nf3 g6 3. c4 Bg7 4. Nc3 d5 5. cxd5 Nxd5 6. e4 Nxc3 7. bxc3 c5 8. Be2 Qa5 9. O-O Qxc3 10. Bd2 Qa3 11. Rc1 O-O 12. Rxc5 b6 13. Rc2 Bb7 14. d5 e6 15. Qb1 Rd8 16. Bb4 Qa4 17. dxe6 Bxe4 18. exf7+ Kh8 19. f8=Q+ Bxf8 20. Bxf8 Rxf8 21. Qb2+ Kg8 22. Bc4+ Rf7 23. Bxf7+ Kxf7 24. Rc7+ Nd7 25. Rxd7+ Qxd7 26. Ne5+ 1-0


[Site "https://www.chess.com"]

[Event "Titled Tuesday Blitz May 9 Late 2023"]
[White "Kujawski, Adam"]
[Black "Schnaider, Ilan"]
[WhiteFideId "1100920"]
[BlackFideId "169013"]
[WhiteElo "2054"]
[BlackElo "2224"]
[Result "0-1"]
[Round "06"]
[TimeControl "180+2"]
[Date "2023.05.09"]
[WhiteClock "0:00:00"]
[BlackClock "0:00:02"]

1. e4 c6 2. d4 d5 3. f3 dxe4 4. fxe4 e5 5. Nf3 exd4 6. Bc4 Bc5 7. O-O Nf6 8. e5 Nd5 9. Ng5 O-O 10. Qh5 h6 11. Ne4 Qe7 12. Bxd5 cxd5 13. Nxc5 Qxc5 14. Bxh6 d3+ 15. Kh1 Qc6 16. Bxg7 Kxg7 17. Rf6 dxc2 18. Nc3 Nd7 19. Qg5+ Kh7 20. Qh4+ Kg7 21. Rxc6 bxc6 22. Qg5+ Kh7 23. Qf5+ Kg7 24. Qxc2 Nxe5 25. Re1 Ng6 26. Qd2 Be6 27. Qd4+ Kg8 28. h4 Ne7 29. Qf6 Nf5 30. h5 Kh7 0-1


[Site "https://www.chess.com"]

[Event "Titled Tuesday Blitz May 9 Late 2023"]
[White "Kleiman, Jake"]
[Black "Gatterer, Florian"]
[WhiteFideId "2020041"]
[BlackFideId "811688"]
[WhiteElo "2590"]
[BlackElo "2221"]
[Result "1-0"]
[Round "06"]
[TimeControl "180+2"]
[Date "2023.05.09"]
[WhiteClock "0:01:38"]
[BlackClock "0:00:21"]

1. Nf3 g6 2. g3 Bg7 3. Bg2 Nf6 4. O-O d5 5. d3 O-O 6. Nbd2 Nc6 7. e4 e5 8. Re1 Re8 9. c3 dxe4 10. dxe4 Be6 11. Qc2 h6 12. b4 a6 13. a4 Qe7 14. Ba3 b5 15. Bf1 Rab8 16. Bb2 Red8 17. axb5 axb5 18. Ra6 Bd7 19. Nb3 Ra8 20. Rea1 Rxa6 21. Rxa6 Be8 22. Nc5 h5 23. Bc1 Ng4 24. Bg5 f6 25. Bc1 Kh7 26. Kg2 Bh6 27. Bxh6 Nxh6 28. Qa2 Nb8 29. Ra7 Nc6 30. Rb7 Bf7 31. Qa6 Rd6 32. Qxb5 Ng4 33. Na6 Qe6 34. Rxc7 Qa2 35. Qe2 Nd8 36. Qxa2 1-0


[Site "https://www.chess.com"]

[Event "Titled Tuesday Blitz May 9 Late 2023"]
[White "Sun, Rick"]
[Black "Hollan, Petr"]
[WhiteFideId "30909481"]
[BlackFideId "360945"]
[WhiteElo "2169"]
[BlackElo "2254"]
[Result "1-0"]
[Round "06"]
[TimeControl "180+2"]
[Date "2023.05.09"]
[WhiteClock "0:00:10"]
[BlackClock "0:00:26"]

1. d4 Nf6 2. Bf4 d5 3. Nc3 e6 4. e3 Bd6 5. Nf3 Bxf4 6. exf4 O-O 7. Bd3 Nbd7 8. h4 c5 9. h5 cxd4 10. Nxd4 e5 11. fxe5 Nxe5 12. h6 g6 13. Be2 Re8 14. O-O Nfg4 15. Qd2 Qd6 16. Bxg4 Nxg4 17. Nf3 Be6 18. Rad1 Qf8 19. Nxd5 Rad8 20. c4 Bxd5 21. cxd5 Nf6 22. Qg5 Ne4 23. Qf4 f5 24. Rd4 Nf6 25. Rfd1 Qd6 26. Qg5 Ng4 27. g3 Ne5 28. Nxe5 Rxe5 29. Qf4 Rde8 30. Kh2 Qf6 31. d6 g5 32. Qd2 Re2 33. d7 Qxh6+ 34. Kg1 Qg6 35. dxe8=Q+ Qxe8 36. Rd8 Rxd2 37. Rxe8+ Kf7 38. Rxd2 Kxe8 39. f4 1-0


[Site "https://www.chess.com"]

[Event "Titled Tuesday Blitz May 9 Late 2023"]
[White "Janaszak, Dawid"]
[Black "Skaric, Djuro"]
[WhiteFideId "1119206"]
[BlackFideId "934569"]
[WhiteElo "2220"]
[BlackElo "2282"]
[Result "1-0"]
[Round "06"]
[TimeControl "180+2"]
[Date "2023.05.09"]
[WhiteClock "0:00:09"]
[BlackClock "0:00:14"]

1. d4 d6 2. Nc3 g6 3. e4 Bg7 4. Bg5 h6 5. Bf4 Nf6 6. Qd2 Nc6 7. Nge2 g5 8. Bg3 O-O 9. h4 g4 10. Bf4 Kh7 11. d5 Ne5 12. Ng3 Nc4 13. Bxc4 e5 14. dxe6 fxe6 15. e5 Nd5 16. Nxd5 exd5 17. Bxd5 Re8 18. O-O-O Qe7 19. Be4+ Kh8 20. exd6 cxd6 21. Bxh6 Qf6 22. Bxg7+ Qxg7 23. Nh5 Qf8 24. Bg6 Re6 25. Qc3+ Kg8 26. Bd3 Rh6 27. Bc4+ Kh7 28. Ng3 Bd7 29. Bd3+ Kg8 30. Qb3+ Be6 31. Bc4 Qf4+ 32. Kb1 Bxc4 33. Qxb7 Rf8 34. Ne4 Rh7 35. Qc6 d5 36. Ng5 Qxf2 37. Nxh7 Kxh7 38. b3 Be2 39. Rxd5 Rf6 40. Rh5+ Kg7 41. Rg5+ Kh7 42. Qd7+ Rf7 43. Qe8 Rg7 44. Rh5# 1-0


[Site "https://www.chess.com"]

[Event "Titled Tuesday Blitz May 9 Late 2023"]
[White "tufferguy"]
[Black "micke12a"]
[WhiteElo "2558"]
[BlackElo "2369"]
[Result "1-0"]
[Round "06"]
[TimeControl "180+2"]
[Date "2023.05.09"]
[WhiteClock "0:01:33"]
[BlackClock "0:01:07"]

1. d4 Nf6 2. Nc3 d5 3. Bf4 e6 4. Nb5 Na6 5. e3 Be7 6. Nf3 O-O 7. c3 c6 8. Na3 Bxa3 9. bxa3 Qa5 10. Qc2 Ne4 11. Rc1 Qxa3 12. Bd3 f5 13. Ne5 g5 14. Bg3 Nb8 15. f3 Nf6 16. h4 Nh5 17. Bf2 Qe7 18. hxg5 Qxg5 19. f4 Nxf4 20. exf4 Qxf4 21. Rh4 Qg5 22. g4 Nd7 23. Qd2 Qxd2+ 24. Kxd2 Nf6 25. gxf5 exf5 26. Rg1+ Ng4 27. Nxg4 fxg4 28. Bxh7+ Kg7 29. Bg3 1-0


[Site "https://www.chess.com"]

[Event "Titled Tuesday Blitz May 9 Late 2023"]
[White "Adewumi, Tanitoluwa"]
[Black "Gerbelli Neto, Eduardo"]
[WhiteFideId "30966396"]
[BlackFideId "2103281"]
[WhiteElo "2552"]
[BlackElo "2178"]
[Result "1-0"]
[Round "06"]
[TimeControl "180+2"]
[Date "2023.05.09"]
[WhiteClock "0:00:19"]
[BlackClock "0:01:00"]

1. e4 e5 2. Nc3 Nf6 3. Nf3 Nc6 4. Bb5 Bd6 5. Bxc6 dxc6 6. d3 O-O 7. Rg1 h6 8. g4 Bxg4 9. Bxh6 gxh6 10. h3 h5 11. hxg4 Nxg4 12. Nh2 f5 13. exf5 Rxf5 14. Nxg4 Rg5 15. Nh6+ Kh7 16. Rxg5 Qxg5 17. Nf7 Qg1+ 18. Ke2 Qg4+ 19. Kf1 Qh3+ 20. Ke1 Rg8 21. Kd2 Qf5 22. Nxd6 Qxf2+ 23. Qe2 Qf4+ 24. Qe3 Rg2+ 25. Ne2 cxd6 26. Qxf4 exf4 27. Rf1 Kg6 28. Rxf4 Kg5 29. Rf8 Kh6 30. Rh8+ Kg6 31. Rg8+ 1-0


[Site "https://www.chess.com"]

[Event "Titled Tuesday Blitz May 9 Late 2023"]
[White "Erzhanov, Arman"]
[Black "Bryant, Todd"]
[WhiteFideId "4138821"]
[BlackFideId "2031299"]
[WhiteElo "2138"]
[BlackElo "2365"]
[Result "1-0"]
[Round "06"]
[TimeControl "180+2"]
[Date "2023.05.09"]
[WhiteClock "0:01:55"]
[BlackClock "0:00:04"]

1. e4 c5 2. Nf3 d6 3. d4 cxd4 4. Qxd4 Nc6 5. Qe3 Nf6 6. h3 e5 7. Be2 Be7 8. O-O Be6 9. c4 O-O 10. Nc3 a6 11. b3 Rc8 12. a4 Nd7 13. Ba3 f5 14. exf5 Bxf5 15. Rfd1 Rf6 16. Nd5 Rg6 17. Kh2 Bf8 18. Bd3 Bxd3 19. Rxd3 Nf6 20. Nxf6+ Qxf6 21. Rad1 Re8 22. Nd2 Nd4 23. Rxd4 exd4 24. Qxe8 Qxf2 25. Qe4 d3 26. Qd5+ Qf7 27. Qxf7+ Kxf7 28. Nf3 Ke6 29. Rxd3 Rf6 30. Re3+ Kf5 31. Re8 Kf4 32. Bc1+ Kf5 33. Nh4# 1-0


[Site "https://www.chess.com"]

[Event "Titled Tuesday Blitz May 9 Late 2023"]
[White "brm72"]
[Black "Hoffmann, Asa"]
[BlackFideId "2001470"]
[WhiteElo "2540"]
[BlackElo "2117"]
[Result "0-1"]
[Round "06"]
[TimeControl "180+2"]
[Date "2023.05.09"]
[WhiteClock "0:00:08"]
[BlackClock "0:00:50"]

1. e4 d6 2. d4 Nf6 3. Nc3 c6 4. Nf3 Bg4 5. Be2 e6 6. Be3 d5 7. e5 Nfd7 8. h3 Bh5 9. g4 Bg6 10. Qd2 c5 11. h4 h5 12. g5 Nc6 13. O-O-O Qa5 14. Kb1 c4 15. Ne1 b5 16. Bf3 b4 17. Ne2 b3 18. axb3 cxb3 19. Qxa5 Nxa5 20. Nf4 Bf5 21. Bxh5 Rc8 22. Rc1 Bb4 23. g6 Rxh5 24. Nxh5 Bxg6 25. Nxg7+ Kf8 26. Bh6 Kg8 27. h5 Be4 28. f3 bxc2+ 29. Nxc2 Bh7 30. Rhg1 Kh8 31. Rg2 Nb3 32. Rd1 Nb6 33. Bc1 Nc4 34. h6 Rc6 35. Ka2 Nxc1+ 36. Rxc1 Ra6+ 37. Kb3 Bd2 38. Rd1 Rb6+ 39. Ka4 Bxc2+ 40. b3 Bxb3# 0-1


[Site "https://www.chess.com"]

[Event "Titled Tuesday Blitz May 9 Late 2023"]
[White "Bashkansky, Ethan"]
[Black "ArtemDyachuk"]
[WhiteFideId "2071533"]
[WhiteElo "2356"]
[BlackElo "2513"]
[Result "0-1"]
[Round "06"]
[TimeControl "180+2"]
[Date "2023.05.09"]
[WhiteClock "0:00:07"]
[BlackClock "0:00:19"]

1. d4 Nf6 2. c4 e6 3. Nc3 Bb4 4. Qc2 d5 5. cxd5 exd5 6. Bg5 c6 7. e3 Nbd7 8. Bd3 Nf8 9. Nf3 Ng6 10. O-O h6 11. Bh4 Nxh4 12. Nxh4 Bg4 13. f3 Bd7 14. Nf5 O-O 15. Kh1 g6 16. Ng3 Bd6 17. Qf2 Kg7 18. e4 dxe4 19. fxe4 Ng4 20. Qf3 Qh4 21. h3 Bxg3 22. Kg1 Rae8 23. e5 Bh2+ 24. Kh1 Bg3 25. Ne4 Bxe5 26. dxe5 Nxe5 27. Qe3 Nxd3 28. Qxd3 Bxh3 29. Qd4+ f6 30. gxh3 Qxh3+ 31. Kg1 Qg4+ 32. Kh2 Qh4+ 33. Kg1 Qxe4 34. Qxa7 Qe3+ 35. Qxe3 Rxe3 36. Rf2 Rfe8 37. Raf1 f5 38. Rd2 Kf6 39. a4 g5 40. Rd6+ R3e6 41. Rd7 R8e7 42. Rd8 f4 43. Rf8+ Rf7 44. Rh8 Kg6 45. Rf2 g4 46. Rg2 h5 47. Rg8+ Rg7 48. Rd8 f3 49. Rf2 Rf7 50. Rdd2 Kg5 51. Rf1 Kh4 52. Rc1 Re2 53. Rxe2 fxe2 54. Re1 Rf1+ 55. Rxf1 exf1=Q+ 56. Kxf1 Kg3 57. Kg1 h4 58. b4 h3 59. Kh1 Kf2 60. Kh2 g3+ 61. Kxh3 g2 62. b5 g1=Q 63. bxc6 Qg3# 0-1


[Site "https://www.chess.com"]

[Event "Titled Tuesday Blitz May 9 Late 2023"]
[White "Shapiro, Daniel"]
[Black "Kavutskiy, Konstantin"]
[WhiteFideId "2001780"]
[BlackFideId "2026384"]
[WhiteElo "2355"]
[BlackElo "2323"]
[Result "0-1"]
[Round "06"]
[TimeControl "180+2"]
[Date "2023.05.09"]
[WhiteClock "0:00:00"]
[BlackClock "0:00:04"]

1. d4 Nf6 2. c4 g6 3. Nc3 Bg7 4. e4 d6 5. Be2 O-O 6. Nf3 e5 7. O-O h6 8. a4 a5 9. b3 Nc6 10. d5 Nd4 11. Ne1 Nd7 12. Nd3 f5 13. Ba3 b6 14. b4 axb4 15. Bxb4 Nc5 16. f3 Ba6 17. Nf2 Nxe2+ 18. Qxe2 Nb3 19. Ra3 Nd4 20. Qd3 Rf6 21. Rfa1 c5 22. dxc6 Kh7 23. Nd5 Rf7 24. c7 Rxc7 25. Nxc7 Qxc7 26. a5 b5 27. cxb5 Bxb5 28. Qd2 Ra6 29. Nd1 fxe4 30. fxe4 Qb7 31. Re3 h5 32. Qf2 Bh6 33. Re1 Qe7 34. Nc3 Bc6 35. Nd5 Bxd5 36. exd5 h4 37. Qxd4 Qb7 38. Qc4 Bf4 39. Rab1 Qa8 40. Qb5 Ra7 41. Bxd6 Rd7 42. Qc5 Qa6 43. Rb6 Qa8 44. Rc6 Qe8 45. Rc7 Rxc7 46. Qxc7+ Kh6 47. Qe7 Qa4 48. Qxh4+ Kg7 49. g3 Qxa5 50. gxf4 Qb6+ 51. Qf2 Qxd6 52. fxe5 Qxd5 53. Qf6+ Kh6 54. Qh8+ Kg5 0-1


[Site "https://www.chess.com"]